 Dungeon Sprint DCSS version 0.28-a0-1506-g3893175d92 (webtiles) character file.

Game seed: 12688189125595943679

20894 tatocazan the Bludgeoner (level 12, -8/88 HPs)
             Began as a Gargoyle Fighter on Jan 13, 2022.
             Was the Champion of Okawaru.
             Killed by divine providence
             ... invoked by Saint Roka
              (13 damage)
             ... in the Dungeon (Sprint IX: "|||||||||||||||||||||||||||||").
             The game lasted 00:06:35 (3181 turns).

tatocazan the Bludgeoner (Gargoyle Fighter)         Turns: 3181, Time: 00:06:35

Health: -8/88      AC: 51    Str: 24    XL:     12   Next: 84%
Magic:  22/22      EV:  5    Int: 13    God:    Okawaru [******]
Gold:   1784       SH:  7    Dex:  9    Spells: 11/11 levels left

rFire   + . .      SeeInvis +   n - +2 morningstar (protect)
rCold   . . .      Faith    .   q - +0 buckler {rF+}
rNeg    + + .      Spirit   .   w - +1 crystal plate armour "Monipryf" {Rampage rN+ Regen+}
rPois   ∞          Reflect  .   C - +2 helmet {SInv}
rElec   +          Harm     .   (no cloak)
rCorr   .          Rampage  +   D - +1 pair of gloves
Will    .....      NoTele   +   B - +1 pair of boots
Stlth   ..........              (no amulet)
HPRegen 1.04/turn               p - +2 ring of protection
MPRegen 0.18/turn               r - +3 ring of intelligence

@: under a protective aura
A: sickness immunity, AC +8, negative energy resistance 1, electricity
resistance, torment resistance 1, petrification resistance
a: Renounce Religion, Heroism, Finesse


You were in the Dungeon.
You worshipped Okawaru.
Okawaru was exalted by your worship.
You visited 1 branch You collected 1933 gold pieces.
You spent 149 gold pieces at shops.

Inventory:

Hand Weapons
 m - a +1 broad axe of freezing
 n - a +2 morningstar of protection (weapon)
Missiles
 a - 10 javelins (quivered)
Armour
 q - a +0 buckler of fire resistance (worn)
 w - the +1 crystal plate armour "Monipryf" (worn) {Rampage rN+ Regen+}
   (Okawaru gifted it to you in the Dungeon)

   rN:        It protects you from negative energy.
   Regen:     It increases your rate of health regeneration.
   Rampage:   It bestows one free step when moving towards enemies.
 B - a +1 pair of boots (worn)
 C - a +2 helmet of see invisible (worn)
 D - a +1 pair of gloves (worn)
Jewellery
 p - a +2 ring of protection (left hand)
 r - a +3 ring of intelligence (right hand)
 z - a ring of see invisible
 A - a ring of flight
Wands
 l - a wand of acid (10)
Scrolls
 d - a scroll of fear
 j - 3 scrolls of blinking
 k - 2 scrolls of amnesia
 t - 2 scrolls of fog
 u - 4 scrolls of identify
 v - 6 scrolls of enchant armour
Potions
 c - a potion of berserk rage
 e - 5 potions of curing
 f - 8 potions of heal wounds
 g - 2 potions of haste
 h - 4 potions of magic
 i - a potion of invisibility
Miscellaneous
 s - a piece from Xom's chessboard (15/15)


   Skills:
 + Level 15.4 Fighting
 * Level 18.9 Maces & Flails
 + Level 15.6 Armour
 + Level 15.4 Shields
 + Level 14.3 Invocations


You had 11 spell levels left.
You didn't know any spells.
Your spell library was empty.

Dungeon Overview and Level Annotations

Branches:
Dungeon (1/1)

Altars:
Cheibriados
Dithmenos
Elyvilon
Fedhas
Gozag
Hepliaklqana
Kikubaaqudgha
Makhleb
Nemelex Xobeh
Okawaru
Qazlal
Ru
Sif Muna
Trog
Uskayaw
Vehumet
Wu Jian
Xom
Yredelemnul
Zin
The Shining One
Beogh
Jiyva
Lugonu

Shops:
D :[**

Annotations:
D Saint Roka


Innate Abilities, Weirdness & Mutations

You are immune to sickness and miasma.
Your stone body is resilient. (AC +8)
You are immune to poison.
You resist negative energy. (rN+)
You are resistant to electric shocks. (rElec)
You are resistant to unholy torment.
You are immune to petrification.


Message History

You sock the orc warrior!
The orc warrior is heavily wounded.
You thump the orc warrior!
The orc warrior is severely wounded.
The orc warrior hits you with a +1 war axe of electrocution!
Saint Roka invokes the aid of Beogh against you.
Beogh smites you!
You take 29 damage, and have 34/88 hp.
MASSIVE DAMAGE!!
You impale the orc warrior!!
You kill the orc warrior!
Okawaru accepts your kill.
You puncture the orc wizard!
You kill the orc wizard!
Okawaru accepts your kill.
You hit Saint Roka.
Saint Roka is lightly wounded.
You barely miss Saint Roka.
Saint Roka is lightly wounded.
Saint Roka hits you with a +4 long sword of holy wrath!
You take 9 damage, and have 27/88 hp.
You impale Saint Roka!!
Saint Roka is lightly wounded.
Saint Roka hits you with a +4 long sword of holy wrath!
* * * LOW HITPOINT WARNING * * *
You hit Saint Roka but do no damage.
Saint Roka is lightly wounded.
You hit Saint Roka but do no damage.
Saint Roka is lightly wounded.
Saint Roka hits you with a +4 long sword of holy wrath!
* * * LOW HITPOINT WARNING * * *
You hit Saint Roka but do no damage.
Saint Roka is lightly wounded.
Saint Roka calls down the wrath of Beogh upon you.
Beogh smites you!
* * * LOW HITPOINT WARNING * * *
You barely miss Saint Roka.
Saint Roka is lightly wounded.
Saint Roka mumbles some strange prayers to Beogh against you.
Beogh smites you!
You die...

▓.▓.▓[▓.▓.▓.▓.▓.▓
▓[▓.▓[▓.▓.▓.▓.▓.▓
▓'▓.▓.▓.▓'▓.▓'▓.▓
▓.▓.▓[▓.▓.▓.▓.▓.▓
▓.▓.▓.▓.▓.▓.▓.▓.▓
▓.▓.▓.▓.▓.▓.▓[▓.▓
▓.▓.▓'▓.▓)▓.▓.▓.▓
▓.▓.▓[▓.▓.▓.▓.▓.▓
▓.▓.▓.▓.▓∩▓.▓.▓@▓
▓)▓.▓(▓.▓.▓.▓.▓o▓
▓[▓.▓.▓.▓∩▓.▓.▓o▓
▓.▓.▓.▓.▓.▓.▓.▓o▓
▓.▓.▓.▓.▓∩▓.▓.▓o▓
▓.▓.▓.▓.▓.▓.▓[▓.▓
▓.▓.▓.▓.▓∩▓.▓)▓.▓
▓.▓.▓.▓.▓.▓.▓.▓.▓
▓)▓.▓.▓.▓)▓.▓)▓


You could see Saint Roka, an orc warrior (strong) and 2 orcs.

Vanquished Creatures
  An ettin (D)
  3 great orbs of eyes (D)
  An ice dragon (D)
  2 rakshasas (D)
  An ogre mage (D)
  A centaur warrior (D)
  A catoblepas (D)
  7 two-headed ogres (D)
  Urug (D)
  2 orc knights (D)
  A deep elf pyromancer (D)
  4 ugly things (D)
  3 black mambas (D)
  3 cane toads (D)
  2 rime drakes (D)
  A tengu conjurer (D)
  A slime creature (D)
  A shadow (D)
  2 basilisks (D)
  2 yaks (D)
  A vampire mosquito (D)
  2 acid dragons (D)
  3 water moccasins (D)
  A warg (D)
  3 hell hounds (D)
  15 orc warriors (D)
  7 ogres (D)
  5 wolves (D)
  3 bullfrogs (D)
  3 orc priests (D)
  A jelly (D)
  2 orc wizards (D)
  An adder (D)
  2 adder zombies (D)
  7 orcs (D)
  2 ball pythons (D)
  A ball python skeleton (D)
  2 frilled lizards (D)
  A giant cockroach zombie (D)
  A jackal skeleton (D)
  A quokka simulacrum (D)
  A rat (D)
105 creatures vanquished.

Notes
Turn   | Place    | Note
-------+----------+-------------------------------------------
     0 | D        | tatocazan the Gargoyle Fighter began the quest for the Orb.
     0 | D        | Reached XP level 1. HP: 14/14 MP: 1/1
    25 | D        | Noticed an ogre
    25 | D        | Noticed a jelly
    28 | D        | Killed a jelly
    29 | D        | Reached skill level 3 in Maces & Flails
    29 | D        | Reached XP level 2. HP: 14/20 MP: 2/2
    29 | D        | Reached XP level 3. HP: 17/24 MP: 3/3
    33 | D        | Killed an ogre
    34 | D        | Reached skill level 5 in Maces & Flails
    34 | D        | Reached XP level 4. HP: 23/32 MP: 4/4
    34 | D        | Reached XP level 5. HP: 26/36 MP: 5/5
    71 | D        | Found a snail-covered altar of Cheibriados.
    71 | D        | Found a shadowy altar of Dithmenos.
    71 | D        | Found a white marble altar of Elyvilon.
    71 | D        | Found a blossoming altar of Fedhas.
    71 | D        | Found an opulent altar of Gozag.
    72 | D        | Found a hazy altar of Hepliaklqana.
    73 | D        | Found a viscous altar of Jiyva.
    74 | D        | Found an ancient bone altar of Kikubaaqudgha.
    75 | D        | Found a corrupted altar of Lugonu.
    76 | D        | Found a burning altar of Makhleb.
    77 | D        | Found a sparkling altar of Nemelex Xobeh.
    78 | D        | Found an iron altar of Okawaru.
    79 | D        | Found a stormy altar of Qazlal.
    80 | D        | Found a sacrificial altar of Ru.
    81 | D        | Found a shimmering blue altar of Sif Muna.
    82 | D        | Found a bloodstained altar of Trog.
    83 | D        | Found a hide-covered altar of Uskayaw.
    84 | D        | Found a radiant altar of Vehumet.
    85 | D        | Found an ornate altar of the Wu Jian Council.
    86 | D        | Became a worshipper of Warmaster Okawaru
   181 | D        | Found a shimmering altar of Xom.
   182 | D        | Found a basalt altar of Yredelemnul.
   183 | D        | Found a glowing silver altar of Zin.
   184 | D        | Found a glowing golden altar of the Shining One.
   257 | D        | Noticed an acid dragon
   257 | D        | Noticed a shadow
   261 | D        | Killed a shadow
   262 | D        | Reached skill level 7 in Maces & Flails
   262 | D        | Reached XP level 6. HP: 13/44 MP: 5/8
   279 | D        | Killed an acid dragon
   280 | D        | Reached skill level 8 in Maces & Flails
   281 | D        | Reached XP level 7. HP: 23/48 MP: 7/10
   444 | D        | Noticed a green ugly thing
   444 | D        | Noticed a two-headed ogre
   444 | D        | Noticed a vampire mosquito
   444 | D        | Noticed a basilisk
   444 | D        | Noticed a slime creature
   453 | D        | Killed a slime creature
   453 | D        | Reached * piety under Okawaru
   454 | D        | Reached skill level 9 in Maces & Flails
   454 | D        | Reached skill level 5 in Invocations
   460 | D        | Killed a basilisk
   464 | D        | Killed a vampire mosquito
   464 | D        | Reached ** piety under Okawaru
   465 | D        | Reached XP level 8. HP: 32/56 MP: 12/12
   469 | D        | Killed a two-headed ogre
   469 | D        | Reached *** piety under Okawaru
   470 | D        | Reached skill level 10 in Maces & Flails
   474 | D        | Killed a green ugly thing
   474 | D        | Reached **** piety under Okawaru
   474 | D        | Received a gift from Okawaru
   475 | D        | Reached skill level 10 in Fighting
   475 | D        | Reached skill level 11 in Maces & Flails
   475 | D        | Reached skill level 10 in Armour
   475 | D        | Reached skill level 10 in Shields
   475 | D        | Reached XP level 9. HP: 28/62 MP: 12/14
   764 | D        | Noticed a black mamba
   774 | D        | Noticed a rime drake
   791 | D        | Killed a black mamba
   792 | D        | Reached skill level 12 in Maces & Flails
   814 | D        | Killed a rime drake
   814 | D        | Reached ***** piety under Okawaru
   821 | D        | Reached skill level 13 in Maces & Flails
   821 | D        | Reached XP level 10. HP: 23/69 MP: 16/16
  1048 | D        | Noticed a cane toad
  1048 | D        | Noticed a cane toad
  1048 | D        | Noticed a cane toad
  1051 | D        | Noticed a black mamba
  1062 | D        | Killed a cane toad
  1062 | D        | Identified the +1 crystal plate armour "Monipryf" {Rampage
                  | rN+ Regen+} (Okawaru gifted it to you in the Dungeon)
  1062 | D        | Received a gift from Okawaru
  1065 | D        | Noticed a black mamba
  1069 | D        | Killed a cane toad
  1080 | D        | Killed a cane toad
  1087 | D        | Reached skill level 10 in Invocations
  1100 | D        | Killed a black mamba
  1101 | D        | Reached skill level 14 in Maces & Flails
  1112 | D        | Killed a black mamba
  1539 | D        | Noticed an orc knight
  1567 | D        | Killed an orc knight
  1568 | D        | Reached skill level 15 in Maces & Flails
  1568 | D        | Reached XP level 11. HP: 35/76 MP: 19/19
  1794 | D        | Noticed an orc knight
  1825 | D        | Killed an orc knight
  1834 | D        | Received a gift from Okawaru
  2049 | D        | Found Heelor's General Store.
  2049 | D        | Noticed a two-headed ogre
  2049 | D        | Noticed a two-headed ogre
  2049 | D        | Noticed a two-headed ogre
  2052 | D        | Noticed an ogre mage
  2057 | D        | Killed a two-headed ogre
  2061 | D        | Killed a two-headed ogre
  2062 | D        | Reached skill level 16 in Maces & Flails
  2063 | D        | Noticed a two-headed ogre
  2069 | D        | Killed a two-headed ogre
  2072 | D        | Noticed a two-headed ogre
  2073 | D        | Found Nirhoigeni's General Store.
  2078 | D        | Killed an ogre mage
  2078 | D        | Identified the +2 robe "Jocanef" {rC+ Regen+ Int+3}
                  | (Okawaru gifted it to you in the Dungeon)
  2078 | D        | Received a gift from Okawaru
  2090 | D        | Killed a two-headed ogre
  2098 | D        | Found Ciagh's Antique Armour Boutique.
  2103 | D        | Killed a two-headed ogre
  2364 | D        | Found Iphawoj's Book Shop.
  2367 | D        | Bought a +0 buckler of fire resistance for 149 gold pieces
  2370 | D        | Noticed a two-headed ogre
  2378 | D        | Killed a two-headed ogre
  2379 | D        | Reached skill level 17 in Maces & Flails
  2381 | D        | Reached XP level 12. HP: 80/85 MP: 21/21
  2506 | D        | Noticed Urug
  2514 | D        | Killed Urug
  2631 | D        | Noticed a catoblepas
  2631 | D        | Noticed a rakshasa
  2632 | D        | Noticed a centaur warrior
  2644 | D        | Killed a rakshasa
  2644 | D        | Reached ****** piety under Okawaru
  2645 | D        | Noticed a rakshasa
  2648 | D        | Killed a catoblepas
  2650 | D        | Noticed an ettin
  2655 | D        | Noticed an ettin
  2674 | D        | Killed a centaur warrior
  2682 | D        | Reached skill level 18 in Maces & Flails
  2682 | D        | Reached skill level 15 in Armour
  2687 | D        | Noticed a great orb of eyes
  2689 | D        | Killed a rakshasa
  2690 | D        | Noticed a great orb of eyes
  2695 | D        | Killed an ettin
  2697 | D        | Noticed a great orb of eyes
  2702 | D        | Killed a great orb of eyes
  2703 | D        | Reached skill level 15 in Fighting
  2703 | D        | Reached skill level 15 in Shields
  2705 | D        | Paralysed by a great orb of eyes for 5 turns
  2714 | D        | Killed a great orb of eyes
  2722 | D        | Killed a great orb of eyes
  2722 | D        | Received a gift from Okawaru
  2894 | D        | Noticed an ice dragon
  2914 | D        | Killed an ice dragon
  3162 | D        | Noticed Saint Roka
  3180 | D        | HP: 4/88 [Saint Roka/divine providence (8)]
  3181 | D        | Killed from afar by Saint Roka

Illustrated notes

Levels and vault maps discovered:
D:        linesprint [early_d, line_temple, items_1, d_10, items_2, lair_1,
          lair_end, items_3, orc_1, orc_end, items_4, d_15, swamp_1, shoals_1,
          snake_1, spider_1, d_20, vaults_1, items_5, swamp_end, shoals_end,
          snake_end, spider_end, vaults_end, d_27, items_6, zot_1, zot_end,
          crypt_end, forest_end, elf_end, slime_end, tomb_end, abyss_end,
          pan_hell_end]

Skill      XL: |  1  2  3  4  5  6  7  8  9 10 11 12 |
---------------+-------------------------------------+-----
Fighting       | 4 6 7 8 10 11 12 14 15 | 15.4
Maces & Flails | 3 5 7 8 9 11 13 15 17 18 | 18.9
Armour         | 4 6 7 9 10 11 12 14 15 | 15.6
Shields        | 4 6 7 8 10 11 12 14 15 | 15.4
Invocations    | 3 4 6 7 9 11 12 14 | 14.3

Action                   |  1- 3 |  4- 6 |  7- 9 | 10-12 || total
-------------------------+-------+-------+-------+-------++-------
Melee: Flail             |    20 |     5 |       |       ||    25
       Morningstar       |       |    22 |    85 |   428 ||   535
Invok: Heroism           |       |       |       |     1 ||     1
  Use: Potion            |     1 |     1 |     1 |     5 ||     8
 Stab: Petrifying        |       |       |       |     1 ||     1
       Petrified         |       |       |       |     1 ||     1
Armor: Scale mail        |     9 |       |       |       ||     9
       Chain mail        |       |    10 |    38 |    31 ||    79
       Crystal plate arm |       |       |       |   150 ||   150
Dodge: Dodged            |     5 |    11 |    21 |    63 ||   100
Block: Buckler           |     2 |     5 |    16 |    73 ||    96

Table legend: (Time is in decaauts)
 A = Elapsed time spent in this place.
 B = Non-inter-level travel time spent in this place.
 C = Inter-level travel time spent in this place.
 D = Time resting spent in this place.
 E = Time spent auto-exploring this place.
 F = Levels seen in this place.
 G = Mean time per level.
                   A        B        C        D        E       F      G
               +--------+--------+--------+--------+--------+-----+--------+
         Total |   3093 |   3012 |     81 |   1656 |    552 |   1 | 3093.0 |
       Dungeon |   3093 |   3012 |     81 |   1656 |    552 |   1 | 3093.0 |
               +--------+--------+--------+--------+--------+-----+--------+

Top non-repeatable levels by time:
       D: 3093 daAuts
